AoeStats
← gursel.yeni

Arena

509349964Analyzed
1v1 RM · 6d ago on Sep 26, 2026· 54m 36s· 2 players
Game mode
Random Map
Map size
Tiny (2 player)
Population
200
Speed
Normal
Resources
Standard
Victory
Conquest
Starting age
Dark Age
Ending age
Imperial Age
RankedLock teamsTeams togetherTeam positionsShared explorationLock speedFull tech treeHidden civsTurbo modeCheats
Victory
Defeat
🇹🇼 Burgundians · Taiwan
943
+14
🇹🇷 Burmese · Türkiye
909
-14
gursel.yeni
10:29 Feudal Age
14:09 Loom
16:43 Castle Age
17:37 Horse Collar
19:34 Gold Mining
20:59 Fletching
22:07 Scale Barding Armor
22:14 Forging
26:14 Devotion
27:52 Padded Archer Armor
29:51 Wheelbarrow
28:45 Pikeman
32:21 Gambesons
32:26 Man-at-Arms
36:22 Imperial Age
39:15 Chemistry
39:15 Halberdier
40:51 Scale Mail Armor
41:35 Iron Casting
42:11 Conscription
42:58 Squires
45:39 Blast Furnace
52:57 Blast Furnace
52:13 Chain Mail Armor
54:05 Hand Cart
中國人來一隊
5:09 Double-Bit Axe
10:43 Feudal Age
15:31 Castle Age
14:38 Bow Saw
14:16 Horse Collar
19:42 Loom
19:42 Town Watch
20:33 Wheelbarrow
23:50 Gold Mining
26:46 Hand Cart
29:01 Imperial Age
26:40 Stone Mining
26:19 Cavalier
28:22 Heavy Plow
28:30 Husbandry
28:38 Scale Barding Armor
28:44 Forging
30:47 Chemistry
29:27 Pikeman
35:16 Squires
36:12 Scale Mail Armor
36:48 Iron Casting
36:04 Fletching
36:14 Padded Archer Armor
36:35 Chain Barding Armor
36:15 Elite Skirmisher
38:30 Light Cavalry
40:00 Leather Archer Armor
40:53 Hussar
41:44 Halberdier
42:10 Arson
41:45 Man-at-Arms
44:03 Two-Man Saw
44:19 Conscription
45:09 Masonry
44:39 Treadmill Crane
45:21 Ballistics
45:39 Plate Barding Armor
45:19 Chain Mail Armor
45:00 Bodkin Arrow
49:06 Long Swordsman
51:07 Bombard Tower
51:18 Architecture
51:20 Plate Mail Armor
51:50 Blast Furnace
50:51 Bracer
51:33 Crop Rotation
52:11 Burgundian Vineyards
52:42 Hoardings
51:57 Arrowslits
Connection lost

Rejoining the realm…

Still unreachable

The connection could not be restored.

Session expired

The server has moved on; the page needs a fresh start.